Sabres vs Blackhawks

Created - 2 janvier 2022 at 08:54

Goals
1 2 3 T
Sabres 0 0 0 0
Blackhawks 0 2 0 2
Shots
1 2 3 T
Sabres 9 8 9 26
Blackhawks 9 11 11 31

GoalsPenalties
1st period
No Goal
Jordan Staal (CHI) for Hooking (Minor) at 3:47
Anthony Bitetto (CHI) for Holding Stick (Minor) at 11:25
2nd period
1. Blackhawks , Justin Holl 3 (Jonathan Toews 20, Gabriel Landeskog 14) at 1:24 (PP)
2. Blackhawks , Justin Holl 4 (Kyle Palmieri 6, Jonathan Toews 21) at 2:04 (PP)
Phil Kessel (BUF) for High sticking (Double Minor) at 0:32
Tomas Hertl (BUF) for High sticking (Minor) at 3:22
Radko Gudas (BUF) for Hooking (Minor) at 6:55
Anthony Bitetto (CHI) for Hooking (Minor) at 17:53
3rd period
No Goal
Patric Hornqvist (CHI) for Hooking (Minor) at 0:53
Jonas Brodin (BUF) for Holding (Minor) at 7:23
Dmitry Orlov (CHI) for Hooking (Minor) at 8:23
Tomas Nosek (CHI) for Holding Stick (Minor) at 10:35
Pierre Engvall (BUF) for Boarding (Minor) at 10:35
Torey Krug (BUF) for Hooking (Minor) at 14:05
Justin Holl (CHI) for High sticking (Minor) at 19:49
Goalie Stats
Henrik Lundqvist (BUF), 29 saves from 31 shots - (0,935), L, 0-2-0, 60:00 minutes
Carey Price (CHI), 26 saves from 26 shots - (1,000), W, 19-10-2, 60:00 minutes
3 StarsOfficial
1 - Carey Price (CHI)
2 - Justin Holl (CHI)
3 - Gabriel Landeskog (CHI)
Referees : Dan O'Rourke and Rob Martell
Linesman : Michel Cormier and Jonny Murray
Game Note
No Game Note



Team Name Goals Shots Shots Attemp Shots Blocked PIM HIT PP PK FO%
Sabres 02646614190 / 6 (0%)249%
Blackhawks 23166614202 / 6 (33%)051%

Sabres
Player Name POS G A P +/- PIM HIT SHT SB MP PP MP PP SHT PK MP PK SHT FO% FOT
Anders BjorkLW000001009:330:0000:0000% 1
Anthony ManthaLW/RW0000034017:223:5400:0000% 0
Blake LizotteC000000306:360:0000:00043% 7
Chris TierneyC0000002010:440:0000:54036% 11
Jack RoslovicC/RW0000001015:174:4200:00067% 6
Jakob SilfverbergLW/RW0000011020:133:5404:3300% 0
Jamie OleksiakD0000030016:320:0004:3100% 0
Jonas BrodinD0000222121:544:4224:0500% 0
Mark JankowskiC/LW0000011010:320:0003:56020% 5
Nick JensenD0000010220:244:2403:4900% 0
Phil KesselRW0000401016:035:1200:0000% 0
Pierre EngvallC/LW/RW000021007:050:3000:0000% 0
Radko GudasD0000232116:320:0003:1500% 0
Tomas HertlC/LW0000210022:563:5403:39052% 33
Torey KrugD0000221021:364:2400:0000% 0
Tyler BozakC/RW0000002213:290:0003:56059% 22
Tyson BarrieD0000001022:594:4201:1800% 0
Victor OlofssonLW/RW0000005018:405:1210:0000% 0
Blackhawks
Player Name POS G A P +/- PIM HIT SHT SB MP PP MP PP SHT PK MP PK SHT FO% FOT
Anthony BitettoD0000451013:220:0000:5000% 0
Cam FowlerD0000001223:274:5814:5900% 0
Derek GrantC/LW0000000116:224:0800:070100% 1
Dmitry OrlovD0000212122:533:3023:0400% 0
Gabriel LandeskogLW0110053021:384:2124:05073% 11
Jakub VoracekLW/RW0000001016:154:0800:0000% 0
Jason DickinsonC/LW000000009:020:0000:0000% 0
Jonathan ToewsC0220013021:464:2115:01050% 28
Jordan StaalC0000242021:074:0803:48036% 28
Justin HollD2020227123:024:5864:3500% 0
Kyle PalmieriRW0110001015:564:2110:1600% 1
Marc StaalD0000000012:590:0000:2300% 0
Matt CalvertLW/RW000000208:120:0001:1300% 0
Nick BoninoC0000002015:000:0004:05182% 11
Patric HornqvistRW000021209:010:0000:0000% 0
Rocco GrimaldiC/RW000000006:590:0000:0000% 0
Roman JosiD0000013123:503:3133:5800% 0
Tomas NosekC/LW000020106:580:0000:00020% 5

Sabres

5 vs 5 Forward
Line #Left WingCenterRight WingPHYDFOFWanted %Time %Time Play
1Victor OlofssonTomas HertlAnthony Mantha0143534%13:28
2Jakob SilfverbergChris TierneyPhil Kessel0322625%9:50
3Anders BjorkTyler BozakJack Roslovic0322224%9:33
4Mark JankowskiBlake LizottePierre Engvall0411717%6:36
5 vs 5 Defense
Line #DefenseDefensePHYDFOFWanted %Time %Time Play
1Jonas BrodinTorey Krug0323330%12:01
2Tyson BarrieNick Jensen0323130%11:54
3Jamie OleksiakRadko Gudas0412030%12:01
4Tyson BarrieTorey Krug122169%3:31
Power Play Forward
Line #Left WingCenterRight WingPHYDFOFWanted %Time %Time Play
1Jakob SilfverbergTomas HertlAnthony Mantha1045043%3:54
2Victor OlofssonJack RoslovicPhil Kessel0055057%5:12
Power Play Defense
Line #DefenseDefensePHYDFOFWanted %Time %Time Play
1Nick JensenTorey Krug0145048%4:24
2Tyson BarrieJonas Brodin0145052%4:42
Penalty Kill 4 Players Forward
Line #CenterWingPHYDFOFWanted %Time %Time Play
1Tomas HertlJakob Silfverberg1315054%4:33
2Tyler BozakMark Jankowski1315046%3:56
Penalty Kill 4 Players Defense
Line #DefenseDefensePHYDFOFWanted %Time %Time Play
1Nick JensenJonas Brodin1405046%3:55
2Jamie OleksiakRadko Gudas1225054%4:34
Penalty Kill 3 Players
Line #WingPHYDFOFWanted %Time %Time PlayDefenseDefensePHYDFOFWanted %Time %Time Play
1Tomas Hertl131500%0:00 Tyson BarrieTorey Krug131500%0:00
2Jakob Silfverberg131500%0:00 Nick JensenRadko Gudas122500%0:00
4 vs 4 Forward
Line #CenterWingPHYDFOFWanted %Time %Time Play
1Tomas HertlJakob Silfverberg1225065%1:56
2Jack RoslovicPhil Kessel1225035%1:02
4 vs 4 Defense
Line #DefensePHYDFOFWanted %Time %Time Play
1Tyson BarrieTorey Krug1225057%50% - 1:41
2Jonas BrodinRadko Gudas1225043%50% - 1:17
Last Minutes Offensive
Left WingCenterRight WingDefenseDefense
Jakob SilfverbergTomas HertlVictor OlofssonTyson BarrieTorey Krug
Last Minutes Defensive
Left WingCenterRight WingDefenseDefense
Jakob SilfverbergChris TierneyPhil KesselTyson BarrieTorey Krug
Time
Total ForwardTotal DefenseLast Minutes OffensiveLast Minutes Defensive
60:00 60:00 0:000:00
Extra Forwards
Normal PowerPlayPenalty Kill
Jakob Silfverberg, Anthony Mantha, Victor OlofssonJack Roslovic, Pierre EngvallJakob Silfverberg
Extra Defensemen
Normal PowerPlayPenalty Kill
Jonas Brodin, Nick Jensen, Jamie OleksiakTorey Krug, Tyson BarrieJamie Oleksiak
Penalty Shots
Tomas Hertl, Anthony Mantha, Phil Kessel, Victor Olofsson, Jakob Silfverberg
Goalie
Henrik Lundqvist, Darcy Kuemper
Custom OT Lines Forwards
Tomas Hertl, Jakob Silfverberg, Phil Kessel, Anthony Mantha, Jack Roslovic, Pierre Engvall, Blake Lizotte, Victor Olofsson, Tyler Bozak, Mark Jankowski
Custom OT Lines Defensemen
Tyson Barrie, Torey Krug, Jamie Oleksiak, Radko Gudas, Jonas Brodin
Scratches
Ilya Lyubushkin (Healthy), Luke Witkowski (Healthy), Charlie Lindgren (Healthy)

Blackhawks

5 vs 5 Forward
Line #Left WingCenterRight WingPHYDFOFWanted %Time %Time Play
1Gabriel LandeskogJonathan ToewsKyle Palmieri1223029%11:19
2Derek GrantJordan StaalJakub Voracek1223031%12:07
3Jason DickinsonNick BoninoPatric Hornqvist1222423%9:02
4Matt CalvertTomas NosekRocco Grimaldi1221618%6:59
5 vs 5 Defense
Line #DefenseDefensePHYDFOFWanted %Time %Time Play
1Roman JosiDmitry Orlov1223027%10:40
2Justin HollCam Fowler1223029%11:37
3Marc StaalAnthony Bitetto1222432%12:34
4Roman JosiDmitry Orlov1221612%4:36
Power Play Forward
Line #Left WingCenterRight WingPHYDFOFWanted %Time %Time Play
1Gabriel LandeskogJonathan ToewsKyle Palmieri1225051%4:21
2Derek GrantJordan StaalJakub Voracek1225049%4:08
Power Play Defense
Line #DefenseDefensePHYDFOFWanted %Time %Time Play
1Roman JosiDmitry Orlov1225041%3:31
2Justin HollCam Fowler1225059%4:58
Penalty Kill 4 Players Forward
Line #CenterWingPHYDFOFWanted %Time %Time Play
1Jonathan ToewsJordan Staal1225055%5:01
2Gabriel LandeskogNick Bonino1225045%4:05
Penalty Kill 4 Players Defense
Line #DefenseDefensePHYDFOFWanted %Time %Time Play
1Roman JosiDmitry Orlov1225048%4:20
2Justin HollCam Fowler1225052%4:46
Penalty Kill 3 Players
Line #WingPHYDFOFWanted %Time %Time PlayDefenseDefensePHYDFOFWanted %Time %Time Play
1Jonathan Toews122500%0:00 Roman JosiDmitry Orlov122500%0:00
2Jordan Staal122500%0:00 Justin HollCam Fowler122500%0:00
4 vs 4 Forward
Line #CenterWingPHYDFOFWanted %Time %Time Play
1Jonathan ToewsJordan Staal1225037%1:05
2Gabriel LandeskogNick Bonino1225063%1:53
4 vs 4 Defense
Line #DefensePHYDFOFWanted %Time %Time Play
1Roman JosiDmitry Orlov1225037%50% - 1:05
2Justin HollCam Fowler1225063%50% - 1:53
Last Minutes Offensive
Left WingCenterRight WingDefenseDefense
Gabriel LandeskogJonathan ToewsKyle PalmieriRoman JosiDmitry Orlov
Last Minutes Defensive
Left WingCenterRight WingDefenseDefense
Gabriel LandeskogJonathan ToewsKyle PalmieriRoman JosiDmitry Orlov
Time
Total ForwardTotal DefenseLast Minutes OffensiveLast Minutes Defensive
60:00 60:00 0:000:00
Extra Forwards
Normal PowerPlayPenalty Kill
Patric Hornqvist, Jason Dickinson, Matt CalvertPatric Hornqvist, Jason DickinsonMatt Calvert
Extra Defensemen
Normal PowerPlayPenalty Kill
Marc Staal, Anthony Bitetto, Justin HollMarc Staal, Anthony BitettoJustin Holl
Penalty Shots
Jonathan Toews, Jordan Staal, Gabriel Landeskog, Nick Bonino, Derek Grant
Goalie
Carey Price, Petr Mrazek
Custom OT Lines Forwards
Jonathan Toews, Jordan Staal, Gabriel Landeskog, Nick Bonino, Derek Grant, Kyle Palmieri, Jakub Voracek, Patric Hornqvist, Jason Dickinson, Matt Calvert
Custom OT Lines Defensemen
Roman Josi, Dmitry Orlov, Justin Holl, Cam Fowler, Marc Staal
Scratches
Ben Hutton (Healthy), Christian Djoos (Healthy)


Play-by-Play

1st period


0:01 of 1st period - Jonathan Toews wins face-off versus Tomas Hertl in neutral zone.
0:13 of 1st period - Shot by Jonathan Toews.
0:13 of 1st period - Shot Misses the Net.
0:18 of 1st period - Icing by Torey Krug.
0:19 of 1st period - Tomas Hertl wins face-off versus Jordan Staal in Sabres zone.
0:24 of 1st period - Shot by Jakub Voracek.
0:24 of 1st period - Stopped by Henrik Lundqvist without a rebound.
0:25 of 1st period - Nick Bonino wins face-off versus Chris Tierney in Sabres zone.
0:38 of 1st period - Shot by Patric Hornqvist.
0:38 of 1st period - Deflect By Nick Bonino.
0:38 of 1st period - Shot Blocked by Nick Jensen.
1:02 of 1st period - Icing by Nick Bonino.
1:03 of 1st period - Nick Bonino wins face-off versus Tyler Bozak in Blackhawks zone.
1:11 of 1st period - Shot by Tyler Bozak.
1:11 of 1st period - Stopped by Carey Price without a rebound.
1:12 of 1st period - Blake Lizotte wins face-off versus Jordan Staal in Blackhawks zone.
1:12 of 1st period - Blake Lizotte is hit by Justin Holl.
1:17 of 1st period - Icing by Justin Holl.
1:18 of 1st period - Jordan Staal wins face-off versus Tyler Bozak in Blackhawks zone.
1:20 of 1st period - Icing by Cam Fowler.
1:21 of 1st period - Blake Lizotte wins face-off versus Jordan Staal in Blackhawks zone.
1:22 of 1st period - Shot by Pierre Engvall.
1:22 of 1st period - Shot Misses the Net.
1:40 of 1st period - Shot by Jordan Staal.
1:40 of 1st period - Stopped by Henrik Lundqvist without a rebound.
1:41 of 1st period - Tomas Hertl wins face-off versus Tomas Nosek in Sabres zone.
2:01 of 1st period - Shot by Matt Calvert.
2:01 of 1st period - Stopped by Henrik Lundqvist with a rebound.
2:18 of 1st period - Shot by Rocco Grimaldi.
2:18 of 1st period - Shot Misses the Net.
2:20 of 1st period - Shot by Roman Josi.
2:20 of 1st period - Shot Misses the Net.
2:22 of 1st period - Shot by Dmitry Orlov.
2:22 of 1st period - Shot Misses the Net.
2:24 of 1st period - Shot by Tomas Nosek.
2:24 of 1st period - Shot Blocked by Radko Gudas.
2:37 of 1st period - Kyle Palmieri is hit by Radko Gudas and loses puck.
2:50 of 1st period - Shot by Gabriel Landeskog.
2:50 of 1st period - Shot Misses the Net.
2:52 of 1st period - Shot by Justin Holl.
2:52 of 1st period - Shot Misses the Net.
2:54 of 1st period - Shot by Justin Holl.
2:54 of 1st period - Stopped by Henrik Lundqvist without a rebound.
2:55 of 1st period - Tyler Bozak wins face-off versus Jordan Staal in Sabres zone.
3:32 of 1st period - Shot by Jack Roslovic.
3:32 of 1st period - Shot Misses the Net.
3:47 of 1st period - Minor Penalty to Jordan Staal for Hooking.
3:48 of 1st period - Gabriel Landeskog wins face-off versus Tomas Hertl in Blackhawks zone.
4:06 of 1st period - Shot by Nick Bonino.
4:06 of 1st period - Stopped by Henrik Lundqvist without a rebound.
4:07 of 1st period - Jack Roslovic wins face-off versus Jonathan Toews in Sabres zone.
5:52 of 1st period - Shot by Mark Jankowski.
5:52 of 1st period - Deflect By Blake Lizotte.
5:52 of 1st period - Stopped by Carey Price without a rebound.
5:53 of 1st period - Nick Bonino wins face-off versus Anders Bjork in Blackhawks zone.
6:00 of 1st period - Shot by Dmitry Orlov.
6:00 of 1st period - Shot Misses the Net.
6:06 of 1st period - Anders Bjork is hit by Patric Hornqvist and loses puck.
6:12 of 1st period - Off-side.
6:13 of 1st period - Jordan Staal wins face-off versus Blake Lizotte in neutral zone.
6:33 of 1st period - Shot by Blake Lizotte.
6:33 of 1st period - Stopped by Carey Price without a rebound.
6:34 of 1st period - Nick Bonino wins face-off versus Chris Tierney in Blackhawks zone.
6:34 of 1st period - Roman Josi is hit by Jamie Oleksiak and loses puck.
6:41 of 1st period - Shot by Jakob Silfverberg.
6:41 of 1st period - Shot Misses the Net.
7:43 of 1st period - Shot by Jonathan Toews.
7:43 of 1st period - Stopped by Henrik Lundqvist without a rebound.
7:44 of 1st period - Blake Lizotte wins face-off versus Tomas Nosek in Sabres zone.
8:16 of 1st period - Nick Jensen is hit by Anthony Bitetto.
9:45 of 1st period - Shot by Jakob Silfverberg.
9:45 of 1st period - Stopped by Carey Price without a rebound.
9:46 of 1st period - Chris Tierney wins face-off versus Jordan Staal in Blackhawks zone.
10:03 of 1st period - Jakob Silfverberg is hit by Jordan Staal and loses puck.
10:10 of 1st period - Shot by Jakub Voracek.
10:10 of 1st period - Shot Misses the Net.
10:30 of 1st period - Shot by Radko Gudas.
10:30 of 1st period - Stopped by Carey Price with a rebound.
10:40 of 1st period - Nick Jensen is hit by Jordan Staal and loses puck.
10:59 of 1st period - Shot by Tyson Barrie.
10:59 of 1st period - Stopped by Carey Price without a rebound.
11:00 of 1st period - Tomas Hertl wins face-off versus Tomas Nosek in Blackhawks zone.
11:00 of 1st period - Tomas Hertl is hit by Anthony Bitetto.
11:04 of 1st period - Shot by Victor Olofsson.
11:04 of 1st period - Stopped by Carey Price without a rebound.
11:05 of 1st period - Tomas Hertl wins face-off versus Nick Bonino in Blackhawks zone.
11:08 of 1st period - Shot by Anthony Mantha.
11:08 of 1st period - Shot Misses the Net.
11:10 of 1st period - Shot by Victor Olofsson.
11:10 of 1st period - Shot Blocked by Cam Fowler.
11:19 of 1st period - Off-side.
11:20 of 1st period - Tyler Bozak wins face-off versus Jonathan Toews in neutral zone.
11:20 of 1st period - Tyler Bozak is hit by Jonathan Toews.
11:25 of 1st period - Minor Penalty to Anthony Bitetto for Holding Stick.
11:26 of 1st period - Gabriel Landeskog wins face-off versus Tomas Hertl in Blackhawks zone.
11:26 of 1st period - Nick Bonino is hit by Jakob Silfverberg.
12:41 of 1st period - Shot by Victor Olofsson.
12:41 of 1st period - Shot Misses the Net.
13:41 of 1st period - Shot by Matt Calvert.
13:41 of 1st period - Stopped by Henrik Lundqvist without a rebound.
13:42 of 1st period - Nick Bonino wins face-off versus Mark Jankowski in Sabres zone.
13:53 of 1st period - Shot by Jason Dickinson.
13:53 of 1st period - Shot Misses the Net.
14:03 of 1st period - Shot by Blake Lizotte.
14:03 of 1st period - Shot Misses the Net.
14:05 of 1st period - Shot by Mark Jankowski.
14:05 of 1st period - Stopped by Carey Price without a rebound.
14:06 of 1st period - Tomas Hertl wins face-off versus Tomas Nosek in Blackhawks zone.
14:35 of 1st period - Shot by Anthony Mantha.
14:35 of 1st period - Stopped by Carey Price without a rebound.
14:36 of 1st period - Jonathan Toews wins face-off versus Chris Tierney in Blackhawks zone.
15:16 of 1st period - Shot by Jonathan Toews.
15:16 of 1st period - Stopped by Henrik Lundqvist without a rebound.
15:17 of 1st period - Jordan Staal wins face-off versus Tyler Bozak in Sabres zone.
15:17 of 1st period - Dmitry Orlov is hit by Torey Krug and loses puck.
16:07 of 1st period - Icing by Jonas Brodin.
16:08 of 1st period - Tyler Bozak wins face-off versus Kyle Palmieri in Sabres zone.
16:13 of 1st period - Kyle Palmieri is hit by Anders Bjork and loses puck.
16:41 of 1st period - Icing by Jonas Brodin.
16:42 of 1st period - Nick Bonino wins face-off versus Tyler Bozak in Sabres zone.
16:42 of 1st period - Patric Hornqvist is hit by Torey Krug and loses puck.
16:52 of 1st period - Patric Hornqvist is hit by Jonas Brodin and loses puck.
16:57 of 1st period - Shot by Jason Dickinson.
16:57 of 1st period - Shot Misses the Net.
16:59 of 1st period - Shot by Nick Bonino.
16:59 of 1st period - Shot Misses the Net.
17:01 of 1st period - Shot by Anthony Bitetto.
17:01 of 1st period - Shot Misses the Net.
17:03 of 1st period - Shot by Nick Bonino.
17:03 of 1st period - Shot Blocked by Jonas Brodin.
17:05 of 1st period - Shot by Anthony Bitetto.
17:05 of 1st period - Stopped by Henrik Lundqvist without a rebound.
17:06 of 1st period - Tomas Hertl wins face-off versus Jordan Staal in Sabres zone.
19:16 of 1st period - Blake Lizotte is hit by Anthony Bitetto and loses puck.
Goals for this period are 0 for Sabres vs 0 for Blackhawks.
Shots for this period are 9 for Sabres vs 9 for Blackhawks.

2nd period


0:01 of 2nd period - Tomas Hertl wins face-off versus Jordan Staal in neutral zone.
0:04 of 2nd period - Jordan Staal is hit by Anthony Mantha and loses puck.
0:19 of 2nd period - Shot by Victor Olofsson.
0:19 of 2nd period - Stopped by Carey Price with a rebound.
0:21 of 2nd period - Shot by Tomas Hertl.
0:21 of 2nd period - Deflect By Anthony Mantha.
0:21 of 2nd period - Shot Blocked by Derek Grant.
0:29 of 2nd period - Shot by Victor Olofsson.
0:29 of 2nd period - Stopped by Carey Price without a rebound.
0:30 of 2nd period - Jonathan Toews wins face-off versus Chris Tierney in Blackhawks zone.
0:32 of 2nd period - Double Minor Penalty to Phil Kessel for High sticking.
0:33 of 2nd period - Tyler Bozak wins face-off versus Jonathan Toews in Sabres zone.
0:44 of 2nd period - Shot by Justin Holl.
0:44 of 2nd period - Stopped by Henrik Lundqvist with a rebound.
1:00 of 2nd period - Icing by Jonathan Toews.
1:01 of 2nd period - Jonathan Toews wins face-off versus Tomas Hertl in Blackhawks zone.
1:24 of 2nd period - Shot by Justin Holl.
1:24 of 2nd period - Goal by Justin Holl - Sabres : 0 - Blackhawks : 1.
1:25 of 2nd period - Tyler Bozak wins face-off versus Jordan Staal in neutral zone.
1:46 of 2nd period - Shot by Dmitry Orlov.
1:46 of 2nd period - Stopped by Henrik Lundqvist without a rebound.
1:47 of 2nd period - Tomas Hertl wins face-off versus Jonathan Toews in Sabres zone.
2:02 of 2nd period - Shot by Kyle Palmieri.
2:02 of 2nd period - Shot Misses the Net.
2:04 of 2nd period - Shot by Justin Holl.
2:04 of 2nd period - Goal by Justin Holl - Sabres : 0 - Blackhawks : 2.
2:05 of 2nd period - Jordan Staal wins face-off versus Tyler Bozak in neutral zone.
2:17 of 2nd period - Shot by Roman Josi.
2:17 of 2nd period - Shot Blocked by Tyler Bozak.
2:19 of 2nd period - Shot by Jordan Staal.
2:19 of 2nd period - Stopped by Henrik Lundqvist without a rebound.
2:20 of 2nd period - Nick Bonino wins face-off versus Tomas Hertl in Sabres zone.
2:23 of 2nd period - Shot by Nick Bonino.
2:23 of 2nd period - Deflect By Patric Hornqvist.
2:23 of 2nd period - Stopped by Henrik Lundqvist without a rebound.
2:24 of 2nd period - Jonathan Toews wins face-off versus Tomas Hertl in Sabres zone.
2:41 of 2nd period - Shot by Jonathan Toews.
2:41 of 2nd period - Shot Misses the Net.
2:50 of 2nd period - Jonathan Toews is hit by Nick Jensen and loses puck.
3:01 of 2nd period - Shot by Anthony Mantha.
3:01 of 2nd period - Deflect By Tomas Hertl.
3:01 of 2nd period - Shot Misses the Net.
3:21 of 2nd period - Dmitry Orlov is hit by Anthony Mantha and loses puck.
3:22 of 2nd period - Minor Penalty to Tomas Hertl for High sticking.
3:23 of 2nd period - Tyler Bozak wins face-off versus Jordan Staal in Sabres zone.
4:23 of 2nd period - Shot by Gabriel Landeskog.
4:23 of 2nd period - Stopped by Henrik Lundqvist without a rebound.
4:24 of 2nd period - Chris Tierney wins face-off versus Gabriel Landeskog in Sabres zone.
4:24 of 2nd period - Chris Tierney is hit by Gabriel Landeskog.
4:38 of 2nd period - Shot by Roman Josi.
4:38 of 2nd period - Shot Misses the Net.
4:40 of 2nd period - Shot by Roman Josi.
4:40 of 2nd period - Shot Misses the Net.
4:46 of 2nd period - Shot by Kyle Palmieri.
4:46 of 2nd period - Shot Misses the Net.
4:48 of 2nd period - Shot by Dmitry Orlov.
4:48 of 2nd period - Stopped by Henrik Lundqvist with a rebound.
4:50 of 2nd period - Shot by Roman Josi.
4:50 of 2nd period - Stopped by Henrik Lundqvist without a rebound.
4:51 of 2nd period - Tyler Bozak wins face-off versus Jordan Staal in Sabres zone.
5:09 of 2nd period - Icing by Cam Fowler.
5:10 of 2nd period - Jordan Staal wins face-off versus Tyler Bozak in Blackhawks zone.
5:19 of 2nd period - Shot by Cam Fowler.
5:19 of 2nd period - Stopped by Henrik Lundqvist without a rebound.
5:20 of 2nd period - Jonathan Toews wins face-off versus Chris Tierney in Sabres zone.
6:04 of 2nd period - Patric Hornqvist is hit by Tomas Hertl and loses puck.
6:30 of 2nd period - Roman Josi is hit by Radko Gudas and loses puck.
6:55 of 2nd period - Minor Penalty to Radko Gudas for Hooking.
6:56 of 2nd period - Jonathan Toews wins face-off versus Mark Jankowski in Sabres zone.
7:29 of 2nd period - Shot by Cam Fowler.
7:29 of 2nd period - Shot Misses the Net.
7:39 of 2nd period - Jamie Oleksiak is hit by Gabriel Landeskog and loses puck.
8:11 of 2nd period - Shot by Roman Josi.
8:11 of 2nd period - Stopped by Henrik Lundqvist without a rebound.
8:12 of 2nd period - Jordan Staal wins face-off versus Tyler Bozak in Sabres zone.
8:22 of 2nd period - Icing by Dmitry Orlov.
8:23 of 2nd period - Tyler Bozak wins face-off versus Jordan Staal in Blackhawks zone.
9:20 of 2nd period - Shot by Tyler Bozak.
9:20 of 2nd period - Stopped by Carey Price with a rebound.
9:53 of 2nd period - Shot by Torey Krug.
9:53 of 2nd period - Stopped by Carey Price without a rebound.
9:54 of 2nd period - Jonathan Toews wins face-off versus Chris Tierney in Blackhawks zone.
10:01 of 2nd period - Jakob Silfverberg is hit by Gabriel Landeskog.
10:23 of 2nd period - Shot by Chris Tierney.
10:23 of 2nd period - Shot Misses the Net.
10:25 of 2nd period - Shot by Jamie Oleksiak.
10:25 of 2nd period - Deflect By Chris Tierney.
10:25 of 2nd period - Stopped by Carey Price without a rebound.
10:26 of 2nd period - Tomas Hertl wins face-off versus Jordan Staal in Blackhawks zone.
10:59 of 2nd period - Icing by Roman Josi.
11:00 of 2nd period - Jordan Staal wins face-off versus Chris Tierney in Blackhawks zone.
11:55 of 2nd period - Shot by Kyle Palmieri.
11:55 of 2nd period - Shot Hit the Post.
12:11 of 2nd period - Icing by Justin Holl.
12:12 of 2nd period - Jonathan Toews wins face-off versus Tomas Hertl in Blackhawks zone.
13:35 of 2nd period - Shot by Jason Dickinson.
13:35 of 2nd period - Shot Misses the Net.
13:40 of 2nd period - Jack Roslovic is hit by Anthony Bitetto and loses puck.
13:47 of 2nd period - Shot by Jack Roslovic.
13:47 of 2nd period - Stopped by Carey Price with a rebound.
15:17 of 2nd period - Shot by Torey Krug.
15:17 of 2nd period - Shot Misses the Net.
15:28 of 2nd period - Mark Jankowski is hit by Dmitry Orlov and loses puck.
15:38 of 2nd period - Blake Lizotte is hit by Roman Josi and loses puck.
16:15 of 2nd period - Shot by Anthony Mantha.
16:15 of 2nd period - Stopped by Carey Price without a rebound.
16:16 of 2nd period - Tyler Bozak wins face-off versus Jordan Staal in Blackhawks zone.
17:44 of 2nd period - Shot by Chris Tierney.
17:44 of 2nd period - Stopped by Carey Price without a rebound.
17:45 of 2nd period - Jonathan Toews wins face-off versus Tomas Hertl in Blackhawks zone.
17:45 of 2nd period - Anthony Bitetto is hit by Anthony Mantha and loses puck.
17:52 of 2nd period - Shot by Tomas Hertl.
17:52 of 2nd period - Shot Misses the Net.
17:53 of 2nd period - Minor Penalty to Anthony Bitetto for Hooking.
17:54 of 2nd period - Tomas Hertl wins face-off versus Gabriel Landeskog in Blackhawks zone.
18:12 of 2nd period - Icing by Jonas Brodin.
18:13 of 2nd period - Gabriel Landeskog wins face-off versus Tomas Hertl in Sabres zone.
18:27 of 2nd period - Tyson Barrie is hit by Gabriel Landeskog and loses puck.
19:51 of 2nd period - Off-side.
19:52 of 2nd period - Gabriel Landeskog wins face-off versus Tomas Hertl in neutral zone.
Goals for this period are 0 for Sabres vs 2 for Blackhawks.
Shots for this period are 8 for Sabres vs 11 for Blackhawks.

3rd period


0:01 of 3rd period - Jonathan Toews wins face-off versus Tomas Hertl in neutral zone.
0:04 of 3rd period - Anthony Mantha is hit by Gabriel Landeskog and loses puck.
0:11 of 3rd period - Shot by Gabriel Landeskog.
0:11 of 3rd period - Stopped by Henrik Lundqvist with a rebound.
0:53 of 3rd period - Minor Penalty to Patric Hornqvist for Hooking.
0:54 of 3rd period - Jack Roslovic wins face-off versus Gabriel Landeskog in Blackhawks zone.
0:57 of 3rd period - Shot by Jonas Brodin.
0:57 of 3rd period - Stopped by Carey Price with a rebound.
0:59 of 3rd period - Shot by Jonas Brodin.
0:59 of 3rd period - Stopped by Carey Price without a rebound.
1:00 of 3rd period - Jack Roslovic wins face-off versus Jonathan Toews in Blackhawks zone.
1:24 of 3rd period - Icing by Jack Roslovic.
1:25 of 3rd period - Gabriel Landeskog wins face-off versus Jack Roslovic in Sabres zone.
1:40 of 3rd period - Shot by Victor Olofsson.
1:40 of 3rd period - Stopped by Carey Price without a rebound.
1:41 of 3rd period - Jonathan Toews wins face-off versus Tomas Hertl in Blackhawks zone.
2:03 of 3rd period - Tomas Hertl is hit by Jordan Staal and loses puck.
3:02 of 3rd period - Shot by Blake Lizotte.
3:02 of 3rd period - Stopped by Carey Price without a rebound.
3:03 of 3rd period - Nick Bonino wins face-off versus Blake Lizotte in Blackhawks zone.
3:05 of 3rd period - Icing by Jason Dickinson.
3:06 of 3rd period - Tyler Bozak wins face-off versus Nick Bonino in Blackhawks zone.
3:09 of 3rd period - Shot by Anders Bjork.
3:09 of 3rd period - Shot Misses the Net.
3:57 of 3rd period - Off-side.
3:58 of 3rd period - Tomas Hertl wins face-off versus Jonathan Toews in neutral zone.
4:03 of 3rd period - Shot by Victor Olofsson.
4:03 of 3rd period - Shot Blocked by Cam Fowler.
4:05 of 3rd period - Shot by Tomas Hertl.
4:05 of 3rd period - Deflect By Victor Olofsson.
4:05 of 3rd period - Stopped by Carey Price without a rebound.
4:06 of 3rd period - Tomas Hertl wins face-off versus Jonathan Toews in Blackhawks zone.
4:13 of 3rd period - Shot by Tomas Hertl.
4:13 of 3rd period - Shot Misses the Net.
4:15 of 3rd period - Shot by Anthony Mantha.
4:15 of 3rd period - Stopped by Carey Price without a rebound.
4:16 of 3rd period - Chris Tierney wins face-off versus Jordan Staal in Blackhawks zone.
5:34 of 3rd period - Shot by Victor Olofsson.
5:34 of 3rd period - Deflect By Anthony Mantha.
5:34 of 3rd period - Stopped by Carey Price with a rebound.
5:36 of 3rd period - Shot by Tomas Hertl.
5:36 of 3rd period - Shot Misses the Net.
6:07 of 3rd period - Icing by Cam Fowler.
6:08 of 3rd period - Jonathan Toews wins face-off versus Blake Lizotte in Blackhawks zone.
6:30 of 3rd period - Icing by Anthony Bitetto.
6:31 of 3rd period - Nick Bonino wins face-off versus Tyler Bozak in Blackhawks zone.
7:02 of 3rd period - Shot by Nick Bonino.
7:02 of 3rd period - Deflect By Patric Hornqvist.
7:02 of 3rd period - Stopped by Henrik Lundqvist without a rebound.
7:03 of 3rd period - Derek Grant wins face-off versus Tomas Hertl in Sabres zone.
7:23 of 3rd period - Minor Penalty to Jonas Brodin for Holding.
7:24 of 3rd period - Tyler Bozak wins face-off versus Jonathan Toews in Sabres zone.
7:37 of 3rd period - Shot by Gabriel Landeskog.
7:37 of 3rd period - Stopped by Henrik Lundqvist with a rebound.
7:39 of 3rd period - Shot by Justin Holl.
7:39 of 3rd period - Stopped by Henrik Lundqvist without a rebound.
7:40 of 3rd period - Jordan Staal wins face-off versus Mark Jankowski in Sabres zone.
7:41 of 3rd period - Shot by Roman Josi.
7:41 of 3rd period - Stopped by Henrik Lundqvist with a rebound.
7:56 of 3rd period - Icing by Jakub Voracek.
7:57 of 3rd period - Jordan Staal wins face-off versus Mark Jankowski in Blackhawks zone.
8:15 of 3rd period - Shot by Jakob Silfverberg.
8:15 of 3rd period - Shot Blocked by Roman Josi.
8:20 of 3rd period - Icing by Jordan Staal.
8:21 of 3rd period - Tyler Bozak wins face-off versus Jordan Staal in Blackhawks zone.
8:23 of 3rd period - Minor Penalty to Dmitry Orlov for Hooking.
8:24 of 3rd period - Gabriel Landeskog wins face-off versus Tomas Hertl in Blackhawks zone.
10:25 of 3rd period - Blake Lizotte is hit by Anthony Bitetto and loses puck.
10:35 of 3rd period - Minor Penalty to Tomas Nosek for Holding Stick.
10:35 of 3rd period - Minor Penalty to Pierre Engvall for Boarding.
10:36 of 3rd period - Tomas Hertl wins face-off versus Jonathan Toews in neutral zone.
10:45 of 3rd period - Shot by Jakob Silfverberg.
10:45 of 3rd period - Shot Blocked by Dmitry Orlov.
11:15 of 3rd period - Icing by Jordan Staal.
11:16 of 3rd period - Jack Roslovic wins face-off versus Jonathan Toews in Blackhawks zone.
11:35 of 3rd period - Shot by Torey Krug.
11:35 of 3rd period - Shot Misses the Net.
11:37 of 3rd period - Shot by Phil Kessel.
11:37 of 3rd period - Shot Blocked by Justin Holl.
11:39 of 3rd period - Shot by Jack Roslovic.
11:39 of 3rd period - Deflect By Phil Kessel.
11:39 of 3rd period - Stopped by Carey Price without a rebound.
11:40 of 3rd period - Gabriel Landeskog wins face-off versus Tomas Hertl in Blackhawks zone.
12:42 of 3rd period - Tomas Nosek is hit by Radko Gudas.
12:50 of 3rd period - Matt Calvert is hit by Jamie Oleksiak and loses puck.
13:01 of 3rd period - Shot by Tomas Nosek.
13:01 of 3rd period - Shot Misses the Net.
13:11 of 3rd period - Shot by Matt Calvert.
13:11 of 3rd period - Shot Misses the Net.
13:15 of 3rd period - Shot by Rocco Grimaldi.
13:15 of 3rd period - Shot Misses the Net.
13:17 of 3rd period - Shot by Matt Calvert.
13:17 of 3rd period - Shot Misses the Net.
13:27 of 3rd period - Roman Josi is hit by Pierre Engvall and loses puck.
13:39 of 3rd period - Roman Josi is hit by Jonas Brodin.
14:05 of 3rd period - Minor Penalty to Torey Krug for Hooking.
14:06 of 3rd period - Tomas Hertl wins face-off versus Jonathan Toews in Sabres zone.
14:16 of 3rd period - Off-side.
14:17 of 3rd period - Tomas Hertl wins face-off versus Jonathan Toews in neutral zone.
14:26 of 3rd period - Shot by Gabriel Landeskog.
14:26 of 3rd period - Shot Blocked by Nick Jensen.
14:28 of 3rd period - Shot by Gabriel Landeskog.
14:28 of 3rd period - Shot Misses the Net.
14:30 of 3rd period - Shot by Justin Holl.
14:30 of 3rd period - Stopped by Henrik Lundqvist with a rebound.
14:32 of 3rd period - Shot by Cam Fowler.
14:32 of 3rd period - Shot Misses the Net.
14:34 of 3rd period - Shot by Jonathan Toews.
14:34 of 3rd period - Shot Misses the Net.
14:36 of 3rd period - Shot by Kyle Palmieri.
14:36 of 3rd period - Stopped by Henrik Lundqvist with a rebound.
14:38 of 3rd period - Shot by Justin Holl.
14:38 of 3rd period - Stopped by Henrik Lundqvist without a rebound.
14:39 of 3rd period - Jordan Staal wins face-off versus Tyler Bozak in Sabres zone.
14:40 of 3rd period - Shot by Jakub Voracek.
14:40 of 3rd period - Shot Misses the Net.
14:54 of 3rd period - Shot by Roman Josi.
14:54 of 3rd period - Shot Blocked by Tyler Bozak.
15:31 of 3rd period - Icing by Justin Holl.
15:32 of 3rd period - Mark Jankowski wins face-off versus Jonathan Toews in Blackhawks zone.
15:45 of 3rd period - Shot by Jonathan Toews.
15:45 of 3rd period - Shot Misses the Net.
15:47 of 3rd period - Shot by Jonathan Toews.
15:47 of 3rd period - Stopped by Henrik Lundqvist without a rebound.
15:48 of 3rd period - Tomas Hertl wins face-off versus Jonathan Toews in Sabres zone.
15:54 of 3rd period - Icing by Gabriel Landeskog.
15:55 of 3rd period - Jonathan Toews wins face-off versus Tomas Hertl in Blackhawks zone.
16:31 of 3rd period - Shot by Nick Bonino.
16:31 of 3rd period - Stopped by Henrik Lundqvist without a rebound.
16:32 of 3rd period - Tomas Hertl wins face-off versus Jordan Staal in Sabres zone.
16:32 of 3rd period - Tomas Hertl is hit by Jordan Staal.
16:53 of 3rd period - Icing by Cam Fowler.
16:54 of 3rd period - Chris Tierney wins face-off versus Jordan Staal in Blackhawks zone.
17:04 of 3rd period - Chris Tierney is hit by Justin Holl and loses puck.
19:23 of 3rd period - Shot by Radko Gudas.
19:23 of 3rd period - Stopped by Carey Price without a rebound.
19:24 of 3rd period - Tomas Nosek wins face-off versus Blake Lizotte in Blackhawks zone.
19:24 of 3rd period - Tomas Nosek is hit by Mark Jankowski.
19:31 of 3rd period - Matt Calvert is hit by Jamie Oleksiak and loses puck.
19:34 of 3rd period - Shot by Tomas Nosek.
19:34 of 3rd period - Stopped by Henrik Lundqvist without a rebound.
19:35 of 3rd period - Tyler Bozak wins face-off versus Jordan Staal in Sabres zone.
19:49 of 3rd period - Minor Penalty to Justin Holl for High sticking.
19:50 of 3rd period - Gabriel Landeskog wins face-off versus Jack Roslovic in Blackhawks zone.
Goals for this period are 0 for Sabres vs 0 for Blackhawks.
Shots for this period are 9 for Sabres vs 11 for Blackhawks.